 Dungeon Crawl Stone Soup version 0.28-b1-25-g9875b3fc8c (webtiles) character file.

Game seed: 2727395804127196698

11 mopl the Sneak (level 2, 0/21 HPs)
             Began as an Octopode Delver on Feb 8, 2022.
             Succumbed to a scorpion's poison
             ... on level 4 of the Dungeon.
             The game lasted 00:00:45 (321 turns).

mopl the Sneak (Octopode Delver)                     Turns: 321, Time: 00:00:45

Health: 0/21       AC:  1    Str: 11    XL:     2   Next: 25%
Magic:  2/2        EV: 13    Int: 12    God:
Gold:   8          SH:  0    Dex: 13    Spells: 1/1 levels left

rFire   . . .      SeeInvis .   a - +0 falchion
rCold   . . .      Faith    .   (no shield)
rNeg    . . .      Spirit   .   (helmet restricted)
rPois   .          Reflect  .   (no amulet)
rElec   .          Harm     .   (no ring)
rCorr   .          Rampage  .   (no ring)
Will    .....                   (no ring)
Stlth   ++++......              (no ring)
HPRegen 0.07/turn               (no ring)
MPRegen 0.08/turn               (no ring)
                                (no ring)
                                (no ring)

@: lethally poisoned (0 -> -4)
A: almost no armour, amphibious, 8 rings, camouflage 1, gelatinous body 1,
(nimble swimmer 1), tentacles
a: no special abilities


You were on level 4 of the Dungeon.
You visited 1 branch of the dungeon, and saw 2 of its levels.

You collected 8 gold pieces.

Inventory:

Hand Weapons
 a - a +0 falchion (weapon)
Missiles
 g - 2 boomerangs (quivered)
Wands
 f - a wand of digging (3)
Scrolls
 b - a scroll of fog
 c - a scroll of magic mapping
 d - a scroll of fear
 h - a scroll of enchant armour {unknown}
 i - a scroll of identify {unknown}
Potions
 e - a potion of haste


   Skills:
 + Level 3.0 Fighting
 * Level 2.1 Long Blades
 + Level 2.0 Dodging
 + Level 7.0 Stealth


You had one spell level left.
You didn't know any spells.
Your spell library contained the following spells:

 Spells                   Type           Power      Damage    Failure   Level
 Corpse Rot               Necr/Air       0%         N/A       45%         2
 Poisonous Vapours        Pois/Air       0%         N/A       45%         2


Dungeon Overview and Level Annotations

Branches:
Dungeon (5/15)
 Temple: D:4-7

Altars:


Innate Abilities, Weirdness & Mutations

You cannot wear most types of armour.
You are amphibious.
You can wear up to eight rings at the same time.
Your skin changes colour to match your surroundings (Stealth+).
Your rubbery body absorbs attacks. (AC +1, EV +1)
((You are camouflaged when in or above water. (Stealth+)))
You have tentacles for arms and can constrict up to eight enemies at once.


Message History

The hound skeleton bites you but does no damage.
You release your grip on the hound skeleton.
The scorpion stings you.
You hit the scorpion. You grab the scorpion.
The scorpion is lightly wounded.
You constrict the scorpion, but do no damage.
The scorpion stings you!
You are lethally poisoned!
The scorpion poisons you!
You hit the scorpion.
The scorpion is moderately wounded.
You constrict the scorpion.
You feel very sick. The scorpion misses you.
The scorpion stings you but does no damage.
You hit the scorpion.
The scorpion is severely wounded.
You constrict the scorpion, but do no damage.
* * * LOW HITPOINT WARNING * * *
You feel sick. The scorpion completely misses you.
Unknown command.
You hit the scorpion. Your squeeze misses the scorpion.
The scorpion is almost dead.
You constrict the scorpion, but do no damage.
* * * LOW HITPOINT WARNING * * *
You feel sick. The scorpion stings you.
* * * LOW HITPOINT WARNING * * *
The scorpion closely misses you.
You hit the scorpion but do no damage.
The scorpion is severely wounded.
You constrict the scorpion.
* * * LOW HITPOINT WARNING * * *
You feel sick.
The scorpion stings you but does no damage.
Unknown command.
You hit the scorpion.
The scorpion is almost dead.
You constrict the scorpion.
You kill the scorpion!
You die...

#.# #.# .....
#.####.... #
#.##.....#.
#.##..#... ##
#.......# .?##
#.##....##...##
#@##.......#..##
####.#...###.......
##...Z..............
##...................
#................>...
#.........)..........
#....................
#....................
#..................).


You could see a hound skeleton.

Vanquished Creatures
  A scorpion (D:4)
  An adder (D:5)
  An orc (D:5)
3 creatures vanquished.

Notes
Turn   | Place    | Note
-------+----------+-------------------------------------------
     0 | D:5      | mopl the Octopode Delver began the quest for the Orb.
     0 | D:5      | Reached XP level 1. HP: 16/16 MP: 1/1
    48 | D:5      | Noticed a jelly
    87 | D:5      | Reached skill level 7 in Stealth
    87 | D:5      | Reached XP level 2. HP: 13/21 MP: 2/2
   307 | D:4      | Noticed a scorpion
   320 | D:4      | HP: 1/21 [poisoned by a scorpion]
   321 | D:4      | Killed a scorpion
   321 | D:4      | Succumbed to a scorpion's poison

Illustrated notes

Levels and vault maps discovered:
D:4:      layout_rooms, serial_shops, nicolae_take_the_stairs
D:5:      layout_loops_corners, mainiacjoe_overflow_alcove_4

Skill      XL: |  1 |
---------------+----+-----
Stealth        | 7 |  7.0
Fighting       | |  3.0
Long Blades    | |  2.1
Dodging        | |  2.0

Action                   || total
-------------------------++-------
Melee: Falchion          ||    15
       Constrict         ||     3
       Tentacles         ||     1
 Stab: Sleeping          ||     1
Armor: Skin              ||     3
Dodge: Dodged            ||    11
